 Dungeon Crawl Stone Soup version 0.26-a0-1058-g8dc6ce00ff (webtiles) character file.

Game seed: 3885290217872128586

219 Delamore the Shield-Bearer (level 5, -1/34 HPs)
             Began as a Gargoyle Fighter on Dec 13, 2020.
             Killed from afar by an orc wizard (7 damage)
             ... with a magic dart
             ... on level 4 of the Dungeon.
             The game lasted 00:03:12 (2904 turns).

Delamore the Shield-Bearer (Gargoyle Fighter)       Turns: 2904, Time: 00:03:13

Health: -1/34      AC: 10    Str: 21    XL:     5   Next: 96%
Magic:  5/5        EV:  7    Int:  8    God:
Gold:   123        SH:  9    Dex:  9    Spells: 4/4 levels left

rFire    . . .     SeeInvis .   a - +0 flail
rCold    . . .     Faith    .   c - +0 kite shield
rNeg     + . .     Spirit   .   b - +0 scale mail
rPois    ∞         Reflect  .   (no helmet)
rElec    +         Harm     .   (no cloak)
rCorr    .         Rampage  .   (no gloves)
Will     .....                  (no boots)
Stlth    ..........             (no amulet)
HPRegen  0.11/turn              (no ring)
MPRegen  0.09/turn              (no ring)

@: no status effects
A: negative energy resistance 1, electricity resistance, unbreathing,
petrification resistance, rot immunity, AC +4
a: no special abilities


You were on level 4 of the Dungeon.
You visited 1 branch of the dungeon, and saw 4 of its levels.

You collected 123 gold pieces.

Inventory:

Hand Weapons
 a - a +0 flail (weapon)
 r - a +0 morningstar
Armour
 b - a +0 scale mail (worn)
 c - a +0 kite shield (worn)
Scrolls
 e - 3 scrolls of magic mapping
 f - a scroll of random uselessness
 j - a scroll of teleportation
 n - a scroll of remove curse
 o - a scroll of fear
 p - a scroll of enchant weapon
 q - a scroll of amnesia
 s - a scroll of blinking
Potions
 d - a potion of might
 h - 2 potions of degeneration {unknown}
 i - 2 potions of curing {unknown}
 k - 2 potions of heal wounds {unknown}
 m - 2 potions of attraction {unknown}


   Skills:
 + Level 4.8 Fighting
 + Level 3.7 Maces & Flails
 - Level 3.2 Armour
 + Level 4.9 Shields


You had 4 spell levels left.
You didn't know any spells.
Your spell library was empty.

Dungeon Overview and Level Annotations

Branches:
Dungeon (4/15)
 Temple: D:4-7

Altars:
Makhleb

Annotations:
D:3 1 runed translucent door, DungeonDestroyer's ghost, amateur GnFi


Innate Abilities, Weirdness & Mutations

You are resistant to torment.
Your stone body is resilient. (AC +4)
You are immune to poison.
You resist negative energy. (rN+)
You are resistant to electric shocks. (rElec)
You can survive without breathing.
You are immune to petrification.
You are immune to rotting.


Message History

* * * LOW HITPOINT WARNING * * *
You bump into the rock wall.
The orc closely misses you. Something hits you but does no damage.
You bump into the rock wall.
Something hits you but does no damage. The orc hits you but does no damage.
You're too confused to move!
You feel less confused. You block something's attack.
The orc hits you from afar with a +0 trident.
* * * LOW HITPOINT WARNING * * *
A worker ant comes into view.
An orc wizard appears from thin air!
Reactivating autopickup.
Found a broad axe.
Found 25 stones.
There is a stone staircase leading up here.
You block the orc's attack.
The orc wizard points at you and mumbles some strange words.
The magic dart hits you!
You die...

#.##..#######.#.
#....=...<......
###..###..######
.# #.....)#.#
..###
##.####)..# (..
#..# ##..#
##.##o#### #..#
#...o....# ##...
#..@B....# #.##.
#........# . .
#........# ##
#........#
.........#
#########.). ###


You could see a worker ant, an orc wizard and an orc.

Vanquished Creatures
  A hound (D:2)
  An orc wizard (D:4)
  7 adders
  An ooze (D:3)
  3 worms (D:3)
  A dart slug (D:1)
  3 leopard geckos
  2 orcs
  13 giant cockroaches (D:2)
  6 goblins
  9 hobgoblins
  2 jackals (D:3)
  10 kobolds
  A ball python (D:3)
  10 bats
  6 frilled lizards
  7 rats
83 creatures vanquished.

Notes
Turn   | Place    | Note
-------+----------+-------------------------------------------
     0 | D:1      | Delamore the Gargoyle Fighter began the quest for the Orb.
     0 | D:1      | Reached XP level 1. HP: 14/14 MP: 1/1
   207 | D:1      | Reached XP level 2. HP: 15/19 MP: 2/2
   909 | D:1      | Reached XP level 3. HP: 24/24 MP: 3/3
  1292 | D:2      | Reached XP level 4. HP: 29/29 MP: 4/4
  1961 | D:2      | Found a burning altar of Makhleb.
  1976 | D:2      | Reached XP level 5. HP: 30/34 MP: 5/5
  2227 | D:3      | Found a runed translucent door.
  2231 | D:3      | Noticed DungeonDestroyer's ghost (amateur GnFi)
  2904 | D:4      | Killed from afar by an orc wizard

Illustrated notes

Levels and vault maps discovered:
D:1:      dpeg_arrival_boxes_within_box, layout_basic
D:2:      minmay_roachtagon, layout_basic, corexii_shack,
          minmay_misc_feat_more_columns, chequers_hall_statues_y,
          makhleb_blood_cavern_becter
D:3:      layout_basic, ebering_ghost_sewer_d, kennysheep_cross_bottleneck
D:4:      layout_rooms, lemuel_doored_altar, uniq_purgy

Skill      XL: |  1  2  3  4 |
---------------+-------------+-----
Fighting       | 4 |  4.8
Shields        | 4 |  4.9
Maces & Flails | 3 |  3.7
Armour         | |  3.2

Action                   |  1- 3 |  4- 6 || total
-------------------------+-------+-------++-------
Melee: Flail             |   121 |   214 ||   335
  Use: Scroll            |       |     8 ||     8
Armor: Scale mail        |    79 |   145 ||   224
Dodge: Dodged            |    33 |   100 ||   133
Block: Kite shield       |    74 |   136 ||   210

Table legend: (Time is in decaauts)
 A = Elapsed time spent in this place.
 B = Non-inter-level travel time spent in this place.
 C = Inter-level travel time spent in this place.
 D = Time resting spent in this place.
 E = Time spent auto-exploring this place.
 F = Levels seen in this place.
 G = Mean time per level.
                   A        B        C        D        E       F      G
               +--------+--------+--------+--------+--------+-----+--------+
         Total |   3012 |   2966 |     46 |      0 |   2318 |   4 |  753.0 |
       Dungeon |   3012 |   2966 |     46 |      0 |   2318 |   4 |  753.0 |
               +--------+--------+--------+--------+--------+-----+--------+

Top non-repeatable levels by time:
     D:2: 1129 daAuts
     D:1: 1071 daAuts
     D:3: 749 daAuts
     D:4: 62 daAuts
